 Dungeon Crawl Stone Soup version 0.31-a0-750-gfe7b580527 (webtiles) character file.

Game seed: 4141128852630038776

6 croobank the Ruffian (level 1, -4/17 HPs)
             Began as a Gnoll Shapeshifter on Sept 15, 2023.
             Slain by a gnoll
             ... wielding a +0 whip
              (8 damage)
             ... on level 1 of the Dungeon.
             The game lasted 00:00:28 (292 turns).

croobank the Ruffian (Gnoll Shapeshifter)            Turns: 292, Time: 00:00:29

Health: -4/17      AC:  2    Str: 13    XL:     1   Next: 90%
Magic:  1/1        EV: 13    Int:  9    God:
Gold:   16         SH:  0    Dex: 11    Spells: 0/0 levels left

rFire   . .          .
                       - Unarmed
rCold   . . .        (no shield)
rNeg    . . .        a - +0 animal skin
rPois   .            (helmet currently unavailable)
rElec   .            (cloak currently unavailable)
rCorr   .            (gloves currently unavailable)
SInv    .            (boots currently unavailable)
Will    .....        (no amulet)
Stlth   +            (no ring)
HPRegen 0.22/turn    (no ring)
MPRegen 0.07/turn

%: no passive effects
@: beast-form
A: beast (slay +3), fangs 1, strong nose, distributed training
a: Begin Untransformation


You were on level 1 of the Dungeon.
You were a hulking beast.
You visited 1 branch of the dungeon, and saw 2 of its levels.

You collected 16 gold pieces.

Inventory:

Armour
 a - a +0 animal skin (worn)
Talismans
 c - a beast talisman (active)
 d - a flux talisman
Scrolls
 e - 3 scrolls of fog {unknown}
 f - a scroll of brand weapon {unknown}
 g - a scroll of blinking {unknown}
Potions
 b - a potion of lignification


   Skills:
 + Level 2.4 Fighting
 + Level 0.2 Short Blades
 + Level 0.2 Long Blades
 + Level 0.2 Axes
 + Level 0.2 Maces & Flails
 + Level 0.2 Polearms
 + Level 0.2 Staves
 + Level 0.2 Ranged Weapons
 + Level 0.2 Throwing
 + Level 0.2 Armour
 + Level 4.4 Dodging
 + Level 0.2 Stealth
 + Level 0.2 Shields
 + Level 6.4 Unarmed Combat
 + Level 0.2 Spellcasting
 + Level 0.1 Conjurations
 + Level 0.1 Hexes
 + Level 0.1 Summonings
 + Level 0.1 Necromancy
 + Level 0.1 Translocations
 + Level 0.1 Transmutations
 + Level 0.1 Fire Magic
 + Level 0.1 Ice Magic
 + Level 0.1 Air Magic
 + Level 0.1 Earth Magic
 + Level 0.1 Poison Magic
 + Level 0.3 Invocations
 + Level 0.2 Evocations
 + Level 6.4 Shapeshifting


You couldn't memorise any spells.
You didn't know any spells.
Your spell library was empty.

Dungeon Overview and Level Annotations

Branches:
Dungeon (2/15)

Altars:


Innate Abilities, Weirdness & Mutations

You are a hulking beast.
Your limbs bulge with bestial killing power. (Slay +3)
You have very sharp teeth.
Your uncanny sense of smell can sniff out nearby items.
Your experience applies equally to all skills.


Message History

There is an open door here.
A bat comes into view.
A bat is nearby!
A malevolent force fills the Dungeon...
You fall into a shaft and drop 1 floor!
The shaft crumbles and collapses.
A bat comes into view.
The bat hits you.
You miss the bat. The bat closely misses you. The bat closely misses you.
You hit the bat.
You kill the bat!
No target in view!
HP restored.
g - a scroll labelled POAMO CAERO A rat comes into view.
Found a stone staircase leading up.
There is a stone staircase leading up here.
A gnoll comes into view. It is wielding a +0 whip.
Found a scroll labelled ZIC QOEGIRYIS.
The gnoll shouts!
A gnoll comes into view. It is wielding a +0 flail.
The rat bites you but does no damage.
A gnoll comes into view. It is wielding a +0 whip.
The gnoll shouts!
You punch the rat!
You kill the rat!
A gnoll comes into view. It is wielding a +0 whip.
There is a stone staircase leading up here.
The gnoll hits you with a +0 whip.
You climb upwards.
There is a stone staircase leading down here.
You hit the gnoll. You bite the gnoll.
The gnoll is moderately wounded.
The gnoll hits you with a +0 whip!
* * * LOW HITPOINT WARNING * * *
You hit the gnoll.
The gnoll is severely wounded.
The gnoll hits you with a +0 whip!
You die...

#.# #.# #####.#
########
#.....######..
#......#
#.#...........
#......#
#.......####.#
#.####.# ##.#...##
####.####.######.##.##
..##.##.......hg.##.#
#.##.......########.#
###.##.#.....# #+#
.##.##.#.....#
.##.##...>...#
.##.##.#[....#
....##.......#
..............
.#######.#...#


You could see a gnoll.

Vanquished Creatures
  An endoplasm (D:1)
  A hobgoblin (D:1)
  A quokka (D:1)
  A bat (D:2)
  2 rats
6 creatures vanquished.

Notes
Turn   | Place    | Note
-------+----------+-------------------------------------------
     0 | D:1      | croobank the Gnoll Shapeshifter began the quest for the
                  | Orb.
     0 | D:1      | Reached XP level 1. HP: 17/17 MP: 1/1
   252 | D:1      | You fall into a shaft and drop 1 floor!
   292 | D:1      | Slain by a gnoll

Illustrated notes

Levels and vault maps discovered:
D:1:      spicycebolla_arrival_xxxplode, layout_loops_corners,
          dreamdust_princess_corridor
D:2:      layout_rooms

Action                     || total
---------------------------++-------
  Melee: Unarmed           ||    13
         Bite              ||     1
 Armour: Animal skin       ||     6
  Dodge: Dodged            ||     6

Table legend: (Time is in decaauts)
 A = Elapsed time spent in this place.
 B = Non-inter-level travel time spent in this place.
 C = Inter-level travel time spent in this place.
 D = Time resting spent in this place.
 E = Time spent auto-exploring this place.
 F = Levels seen in this place.
 G = Mean time per level.
                   A        B        C        D        E       F      G
               +--------+--------+--------+--------+--------+-----+--------+
         Total |    291 |    291 |      0 |      0 |    242 |   2 |  145.5 |
       Dungeon |    291 |    291 |      0 |      0 |    242 |   2 |  145.5 |
               +--------+--------+--------+--------+--------+-----+--------+

Top non-repeatable levels by time:
     D:1: 253 daAuts
     D:2: 37 daAuts
